 Dungeon Crawl Stone Soup version 0.29.0-4-gdea44cf6ec (webtiles) character file.

Game seed: 15293546841409727983

2577 qw the Grappler (level 9, 0/85 HPs)
             Began as a Troll Cinder Acolyte on Sept 1, 2022.
             Was a Priest of Ignis.
             Slain by a komodo dragon (20 damage)
             ... on level 7 of the Dungeon.
             The game lasted 00:02:53 (5536 turns).

qw the Grappler (Troll Cinder Acolyte)              Turns: 5536, Time: 00:02:54

Health: 0/85       AC: 13    Str: 28    XL:     9   Next: 32%
Magic:  9/9        EV:  9    Int: 10    God:    Ignis [***...]
Gold:   348        SH:  5    Dex:  5    Spells: 10/10 levels left

rFire   + . .      SeeInvis .     - Unarmed
rCold   . . .      Faith    .   (no shield)
rNeg    . . .      Spirit   .   d - +1 robe of Nuhab {Regen+}
rPois   .          Reflect  +   (helmet restricted)
rElec   .          Harm     .   h - +0 cloak
rCorr   .          Rampage  .   (gloves unavailable)
Will    .....                   (boots unavailable)
Stlth   +.........              j - amulet of reflection
HPRegen 1.84/turn               (no ring)
MPRegen 0.11/turn               (no ring)

@: fiery-armoured
A: large, unfitting armour, claws 3, regeneration 1, shaggy fur 1, tough skin 1
a: Renounce Religion, Fiery Armour, Foxfire Swarm, Rising Flame


You were on level 7 of the Dungeon.
You worshipped Ignis.
Ignis was most pleased with you.
You visited 1 branch of the dungeon, and saw 7 of its levels.

You collected 348 gold pieces.


Innate Abilities, Weirdness & Mutations

You are too large for most types of armour.
You have claws for hands.
Your natural rate of healing is unusually fast.
You are covered in fur. (AC +1)
You have tough skin. (AC +1)


   Skills:
 - Level 4.4 Fighting
 - Level 1.7 Throwing
 - Level 1.8 Dodging
 + Level 11.7 Unarmed Combat
 - Level 1.0 Spellcasting
 - Level 2.1 Fire Magic


You had 10 spell levels left.
You didn't know any spells.
Your spell library contained the following spells:

 Spells                   Type           Power      Damage    Failure   Level
 Scorch                   Fire           8%         2d5       22%         2

Inventory:

Armour
 d - the +1 robe of Nuhab (worn) {Regen+}
   (You found it on level 4 of the Dungeon)

   Regen:     It increases your rate of health regeneration.
 h - a +0 cloak (worn)
Jewellery
 j - an amulet of reflection (around neck)
 l - a ring of ice
Scrolls
 a - a scroll of enchant armour {unknown}
 e - a scroll of brand weapon
 f - a scroll of identify
 m - a scroll of poison {unknown}
 r - 2 scrolls of teleportation
Potions
 b - 3 potions of curing
 c - a potion of heal wounds
 g - 3 potions of resistance
 i - a potion of degeneration {unknown}
 k - 4 potions of mutation
 n - a potion of cancellation
 o - a potion of invisibility {unknown}
 p - a potion of magic {unknown}
 q - a potion of berserk rage {unknown}

Dungeon Overview and Level Annotations

Branches:
Dungeon (7/15)             Temple (0/1) D:5

Altars:
Ashenzari
Makhleb
Nemelex Xobeh
The Shining One

Shops:
D:7 *

Annotations:
D:3 1 runed translucent door, Angmar's ghost, amateur DsSk


Message History

5526 ||| Stepping ~*~*~tactically~*~*~ (outnumbered).
The komodo dragon attacks as you move away!
The komodo dragon bites you!
5527 ||| Stepping ~*~*~tactically~*~*~ (outnumbered).
The komodo dragon attacks as you move away!
The komodo dragon barely misses you.
5528 ||| Stepping ~*~*~tactically~*~*~ (outnumbered).
The komodo dragon attacks as you move away!
The komodo dragon barely misses you.
5529 ||| Stepping ~*~*~tactically~*~*~ (outnumbered).
5530 ||| Stepping ~*~*~tactically~*~*~ (outnumbered).
5531 ||| Stepping ~*~*~tactically~*~*~ (outnumbered).
The komodo dragon attacks as you move away!
The komodo dragon bites you!!
5532 ||| INVOKING Fiery Armour.
A protective cloak of flame settles atop you.
The wight hits you but does no damage. The komodo dragon bites you.
The komodo dragon is burned by your cloak of flames.
The komodo dragon is lightly wounded.
You scratch the komodo dragon.
The komodo dragon is lightly wounded.
The gnoll sergeant closely misses you. The wight closely misses you.
You scratch the komodo dragon.
The komodo dragon is moderately wounded.
The komodo dragon bites you. The hound bites you but does no damage.
The hound is burned by your cloak of flames.
The hound is moderately wounded.
You block the wight's attack.
The gnoll sergeant hits you from afar with a +0 trident!
You scratch the komodo dragon.
The komodo dragon is moderately wounded.
The hound bites you.
The hound is burned by your cloak of flames.
The hound is heavily wounded.
The komodo dragon bites you.
You barely miss the hound. You claw the hound!
You kill the hound!
The gnoll sergeant hits you from afar with a +0 trident.
The wight closely misses you. The komodo dragon bites you!!
You die...

##############
##.....##?....##
##lK............##
#@zg........)..$.#
#.%......)........
#...............#
#..............#
#.............#.#
#.............#
#########
##...............#
......).#
##.....##....##.#
......#.#
#########.#####.#
.


You could see a komodo dragon, a kobold brigand, a gnoll sergeant and a wight.

Vanquished Creatures
  6 yaks (D:7)
  Eustachio (D:5)
  A black bear (D:6)
  5 ogres
  A phantom (D:5)
  A centaur (D:5)
  A kobold brigand (D:6)
  A necrophage (D:4)
  A scorpion (D:6)
  5 killer bees (D:7)
  4 hounds
  3 jellies
  A gnoll bouda (D:6)
  2 iguanas (D:6)
  Robin (D:4)
  4 adders
  11 gnolls
  A white imp (D:6)
  A worm (D:3)
  2 dart slugs
  7 orcs
  8 ball pythons
  8 endoplasms
  4 giant cockroaches
  14 goblins
  10 hobgoblins
  8 jackals
  3 quokkas
  5 bats
  5 frilled lizards
  9 kobolds
  7 rats
141 creatures vanquished.

Notes
Turn   | Place    | Note
-------+----------+-------------------------------------------
     0 | D:1      | qw the Troll Cinder Acolyte began the quest for the Orb.
     0 | D:1      | Reached XP level 1. HP: 22/22 MP: 1/1
     0 | D:1      | 0 ||| qw: Version: 0.1-a-97-g2dd2ca4
     0 | D:1      | 0 ||| qw: Game counter: 4752
     0 | D:1      | 0 ||| qw: Always use a shield: true
     0 | D:1      | 0 ||| qw: God list: Okawaru
     0 | D:1      | 0 ||| qw: Allow faded altars: false
     0 | D:1      | 0 ||| qw: Do Orc after D:15 true
     0 | D:1      | 0 ||| qw: Do second Lair branch before Depths: true
     0 | D:1      | 0 ||| qw: Lair rune preference: random
     0 | D:1      | 0 ||| qw: Plans: Normal
     0 | D:1      | 0 ||| PLANNING D:1-11
    46 | D:1      | 46 ||| Stepping ~*~*~tactically~*~*~ (hiding).
   219 | D:1      | 219 ||| Stepping ~*~*~tactically~*~*~ (stealth).
   228 | D:1      | 228 ||| Stepping ~*~*~tactically~*~*~ (outnumbered).
   230 | D:1      | Reached XP level 2. HP: 29/29 MP: 2/2
   250 | D:1      | 250 ||| Stepping ~*~*~tactically~*~*~ (outnumbered).
   337 | D:1      | 337 ||| Stepping ~*~*~tactically~*~*~ (stealth).
   341 | D:1      | 341 ||| Stepping ~*~*~tactically~*~*~ (outnumbered).
   348 | D:1      | Reached skill level 4 in Unarmed Combat
   693 | D:1      | 693 ||| UPGRADING to +0 cloak.
   698 | D:1      | 698 ||| READING 2 scrolls labelled VUISEICIUM.
   699 | D:1      | 699 ||| READING 2 scrolls labelled ZELIKHL ZEURO.
   700 | D:1      | 700 ||| READING scroll labelled XAVVEDGH XIUBIU.
   701 | D:1      | 701 ||| READING scroll labelled OKAPHO UXZACEO.
   802 | D:1      | 802 ||| DROPPING scroll of immolation.
   919 | D:2      | 919 ||| Stepping ~*~*~tactically~*~*~ (stealth).
   931 | D:2      | Reached XP level 3. HP: 35/36 MP: 3/3
  1076 | D:2      | Found a faded altar of an unknown god.
  1331 | D:2      | 1331 ||| Stepping ~*~*~tactically~*~*~ (stealth).
  1409 | D:2      | 1409 ||| Stepping ~*~*~tactically~*~*~ (stealth).
  1412 | D:2      | 1412 ||| INVOKING Fiery Armour.
  1413 | D:2      | 1413 ||| Stepping ~*~*~tactically~*~*~ (outnumbered).
  1415 | D:2      | 1415 ||| Stepping ~*~*~tactically~*~*~ (outnumbered).
  1421 | D:2      | Reached XP level 4. HP: 32/44 MP: 4/4
  1425 | D:2      | Reached skill level 5 in Unarmed Combat
  1538 | D:2      | 1538 ||| UPGRADING to amulet of reflection.
  1543 | D:2      | 1543 ||| READING scroll labelled VYUVEQ ZIDDAOGG.
  1548 | D:2      | 1548 ||| READING scroll labelled HYNWYO IHAISME.
  1549 | D:2      | 1549 ||| DRINKING 2 amethyst potions.
  1550 | D:2      | 1550 ||| DRINKING 2 sedimented red potions.
  1551 | D:2      | 1551 ||| DRINKING 2 inky potions.
  1552 | D:2      | 1552 ||| READING 2 scrolls of identify.
  1552 | D:2      | 1552 ||| IDENTIFYING viscous black potion
  1553 | D:2      | 1553 ||| DROPPING potion of attraction.
  1585 | D:3      | Found a runed translucent door.
  1586 | D:3      | Noticed Angmar's ghost (amateur DsSk)
  1673 | D:3      | 1673 ||| Stepping ~*~*~tactically~*~*~ (stealth).
  1677 | D:3      | 1677 ||| Stepping ~*~*~tactically~*~*~ (outnumbered).
  1759 | D:3      | 1759 ||| Stepping ~*~*~tactically~*~*~ (outnumbered).
  1760 | D:3      | 1760 ||| Stepping ~*~*~tactically~*~*~ (outnumbered).
  1761 | D:3      | 1761 ||| Stepping ~*~*~tactically~*~*~ (outnumbered).
  1762 | D:3      | 1762 ||| Stepping ~*~*~tactically~*~*~ (outnumbered).
  1772 | D:3      | 1772 ||| Stepping ~*~*~tactically~*~*~ (stealth).
  1779 | D:3      | 1779 ||| Stepping ~*~*~tactically~*~*~ (stealth).
  2148 | D:3      | Found a glowing golden altar of the Shining One.
  2423 | D:3      | 2423 ||| DROPPING amulet of magic regeneration.
  2424 | D:3      | 2424 ||| READING scroll labelled PORICRICES.
  2425 | D:3      | 2425 ||| READING scroll labelled RYNEBLESUS.
  2426 | D:3      | 2426 ||| READING scroll labelled ZECUFI GASIR.
  2427 | D:3      | 2427 ||| READING 2 scrolls of identify.
  2427 | D:3      | 2427 ||| IDENTIFYING ruby potion
  2428 | D:3      | 2428 ||| DROPPING potion of ambrosia.
  2465 | D:4      | Identified the +1 robe of Nuhab {Regen+}
  2471 | D:4      | Noticed an ogre
  2472 | D:4      | 2472 ||| Stepping ~*~*~tactically~*~*~ (stealth).
  2475 | D:4      | 2475 ||| INVOKING Fiery Armour.
  2477 | D:4      | 2477 ||| Stepping ~*~*~tactically~*~*~ (outnumbered).
  2479 | D:4      | Reached XP level 5. HP: 14/50 MP: 5/5
  2481 | D:4      | Killed an ogre
  2482 | D:4      | Reached skill level 6 in Unarmed Combat
  2612 | D:4      | 2612 ||| INVOKING Fiery Armour.
  2615 | D:4      | 2615 ||| Stepping ~*~*~tactically~*~*~ (outnumbered).
  2620 | D:4      | Reached XP level 6. HP: 53/59 MP: 6/6
  2620 | D:4      | 2620 ||| Stepping ~*~*~tactically~*~*~ (outnumbered).
  2631 | D:4      | Reached skill level 7 in Unarmed Combat
  2758 | D:4      | Found a broken altar of Ashenzari.
  2764 | D:4      | Reached skill level 8 in Unarmed Combat
  2764 | D:4      | Reached XP level 7. HP: 63/66 MP: 7/7
  2869 | D:4      | Found a burning altar of Makhleb.
  3091 | D:4      | Noticed Robin
  3091 | D:4      | 3091 ||| INVOKING Fiery Armour.
  3094 | D:4      | 3094 ||| Stepping ~*~*~tactically~*~*~ (outnumbered).
  3098 | D:4      | 3098 ||| Stepping ~*~*~tactically~*~*~ (outnumbered).
  3102 | D:4      | Killed Robin
  3104 | D:4      | 3104 ||| Stepping ~*~*~tactically~*~*~ (outnumbered).
  3118 | D:4      | 3118 ||| Stepping ~*~*~tactically~*~*~ (outnumbered).
  3238 | D:4      | 3238 ||| UPGRADING to +1 robe of Nuhab {Regen+}.
  3248 | D:4      | 3248 ||| DROPPING +0 robe.
  3249 | D:4      | 3249 ||| READING scroll labelled SERREIR WYMI.
  3250 | D:4      | 3250 ||| READING 3 scrolls of identify.
  3250 | D:4      | 3250 ||| IDENTIFYING coppery potion
  3251 | D:4      | 3251 ||| READING 2 scrolls of identify.
  3251 | D:4      | 3251 ||| IDENTIFYING pink potion
  3263 | D:5      | Entered Level 5 of the Dungeon
  3271 | D:5      | 3271 ||| FLEEEEING.
  3272 | D:5      | 3272 ||| Stepping ~*~*~tactically~*~*~ (hiding).
  3273 | D:5      | 3273 ||| Stepping ~*~*~tactically~*~*~ (hiding).
  3278 | D:5      | Reached skill level 3 in Fighting
  3401 | D:5      | Found a staircase to the Ecumenical Temple.
  3428 | D:5      | Noticed Eustachio
  3435 | D:5      | Killed Eustachio
  3436 | D:5      | Reached skill level 9 in Unarmed Combat
  3566 | D:5      | 3566 ||| Stepping ~*~*~tactically~*~*~ (stealth).
  3570 | D:5      | Reached skill level 1 in Throwing
  3621 | D:5      | 3621 ||| Stepping ~*~*~tactically~*~*~ (stealth).
  3622 | D:5      | 3622 ||| Stepping ~*~*~tactically~*~*~ (stealth).
  3767 | D:5      | 3767 ||| Stepping ~*~*~tactically~*~*~ (outnumbered).
  3768 | D:5      | 3768 ||| Stepping ~*~*~tactically~*~*~ (outnumbered).
  3769 | D:5      | 3769 ||| Stepping ~*~*~tactically~*~*~ (outnumbered).
  3774 | D:5      | 3774 ||| FLEEEEING.
  3775 | D:5      | 3775 ||| FLEEEEING.
  3776 | D:5      | 3776 ||| FLEEEEING.
  3777 | D:5      | 3777 ||| FLEEEEING.
  3778 | D:5      | 3778 ||| FLEEEEING.
  3779 | D:5      | 3779 ||| FLEEEEING.
  3780 | D:5      | 3780 ||| FLEEEEING.
  3781 | D:5      | 3781 ||| FLEEEEING.
  3782 | D:5      | 3782 ||| FLEEEEING.
  3783 | D:5      | 3783 ||| FLEEEEING.
  3787 | D:5      | Reached XP level 8. HP: 75/75 MP: 8/8
  4018 | D:5      | Reached skill level 1 in Dodging
  4080 | D:5      | 4080 ||| READING 2 scrolls of identify.
  4080 | D:5      | 4080 ||| IDENTIFYING clear potion
  4081 | D:5      | 4081 ||| DROPPING potion of lignification.
  4269 | D:6      | 4269 ||| Stepping ~*~*~tactically~*~*~ (stealth).
  4689 | D:6      | Reached skill level 10 in Unarmed Combat
  4848 | D:6      | 4848 ||| DRINKING 2 sedimented clear potions.
  4849 | D:6      | 4849 ||| DROPPING potion of brilliance.
  5209 | D:6      | 5209 ||| Stepping randomly (stuck).
  5319 | D:7      | 5319 ||| Stepping ~*~*~tactically~*~*~ (stealth).
  5324 | D:7      | 5324 ||| Stepping ~*~*~tactically~*~*~ (stealth).
  5328 | D:7      | 5328 ||| Stepping ~*~*~tactically~*~*~ (stealth).
  5332 | D:7      | 5332 ||| Stepping ~*~*~tactically~*~*~ (outnumbered).
  5343 | D:7      | 5343 ||| INVOKING Fiery Armour.
  5346 | D:7      | Reached XP level 9. HP: 39/85 MP: 9/9
  5347 | D:7      | HP: 17/85 [yak (13)]
  5348 | D:7      | 5348 ||| DRINKING 2 potions of heal wounds.
  5351 | D:7      | Reached skill level 11 in Unarmed Combat
  5398 | D:7      | 5398 ||| Stepping ~*~*~tactically~*~*~ (stealth).
  5415 | D:7      | Found Joesk's Elemental Accessories.
  5452 | D:7      | Found a sparkling altar of Nemelex Xobeh.
  5502 | D:7      | 5502 ||| Stepping ~*~*~tactically~*~*~ (stealth).
  5517 | D:7      | Noticed a komodo dragon
  5523 | D:7      | 5523 ||| Stepping ~*~*~tactically~*~*~ (outnumbered).
  5524 | D:7      | 5524 ||| Stepping ~*~*~tactically~*~*~ (outnumbered).
  5525 | D:7      | 5525 ||| Stepping ~*~*~tactically~*~*~ (outnumbered).
  5526 | D:7      | 5526 ||| Stepping ~*~*~tactically~*~*~ (outnumbered).
  5527 | D:7      | 5527 ||| Stepping ~*~*~tactically~*~*~ (outnumbered).
  5528 | D:7      | 5528 ||| Stepping ~*~*~tactically~*~*~ (outnumbered).
  5529 | D:7      | 5529 ||| Stepping ~*~*~tactically~*~*~ (outnumbered).
  5530 | D:7      | 5530 ||| Stepping ~*~*~tactically~*~*~ (outnumbered).
  5531 | D:7      | 5531 ||| Stepping ~*~*~tactically~*~*~ (outnumbered).
  5532 | D:7      | 5532 ||| INVOKING Fiery Armour.
  5536 | D:7      | HP: 20/85 [gnoll sergeant/+0 trident (6)]
  5536 | D:7      | Slain by a komodo dragon

Levels and vault maps discovered:
D:1:      psy_arrival_conway, layout_basic
D:2:      minmay_skewed_foursquare, layout_basic, ebering_ecumenical_altar_mist
D:3:      kennysheep_big_flooded_room, layout_basic, lemuel_tele_altar,
          hellmonk_ghost_happy_afterlife, minmay_circle_x
D:4:      layout_basic, evilmike_ruin_ashenzari, kennysheep_mini_moat,
          uniq_robin
D:5:      layout_loops_ring, minmay_temple_entry_water_ring,
          kennysheep_generic_room_15, uniq_eustachio
D:6:      minmay_klotski, layout_basic, columned_hall_lemuel
D:7:      layout_rooms, grunt_qazlal_clouds, amcnicky_altar_gilded,
          nicolae_elemental_shop, minmay_manual_mess

Skill      XL: |  1  2  3  4  5  6  7  8  9 |
---------------+----------------------------+-----
Unarmed Combat | 4 5 6 8 9 10 11 | 11.7
Fighting       | 3 4 |  4.4
Throwing       | 1 |  1.7
Dodging        | 1 |  1.8
Spellcasting   | |  1.0
Fire Magic     | |  2.1

Action                   |  1- 3 |  4- 6 |  7- 9 || total
-------------------------+-------+-------+-------++-------
Melee: Unarmed           |    78 |    97 |   174 ||   349
       Punch             |       |       |     9 ||     9
Throw: Boomerang         |       |    29 |    26 ||    55
Invok: Fiery Armour      |     1 |     2 |     3 ||     6
  Use: Scroll            |     4 |     7 |     4 ||    15
       Potion            |       |     3 |     2 ||     5
Armor: Robe              |    28 |    27 |    52 ||   107
Dodge: Dodged            |    25 |    28 |    69 ||   122
Block: Other             |       |    17 |    30 ||    47
       Reflection        |       |     1 |       ||     1

Table legend:
 A = Non-vault XP
 B = Vault XP
 C = Vault XP percentage of total XP
 D = Non-vault monster count
 E = Vault monster count
 F = Vault count percentage of total count
                 A         B        C        D         E       F
            +---------+---------+-------+---------+---------+-------
      Total |    3417 |     307 |   8.2 |     112 |      29 |  20.6
            +---------+---------+-------+---------+---------+-------
        D:1 |      37 |       0 |   0.0 |      21 |       0 |   0.0
        D:2 |      74 |       7 |   8.6 |      17 |       4 |  19.0
        D:3 |      35 |      21 |  37.5 |      14 |       9 |  39.1
        D:4 |     592 |      38 |   6.0 |      22 |      13 |  37.1
        D:5 |     557 |     199 |  26.3 |       9 |       2 |  18.2
        D:6 |     606 |       0 |   0.0 |      18 |       0 |   0.0
        D:7 |    1516 |      42 |   2.7 |      11 |       1 |   8.3
            +---------+---------+-------+---------+---------+-------
